 Dungeon Crawl Stone Soup version 0.30.2 (webtiles) character file.

Game seed: 10591552426570112608

459 porpoise the Shooter (level 7, -7/54 HPs)
             Began as a Human Hunter on Jan 28, 2024.
             Was a Believer of Fedhas.
             Mangled by a gnoll sergeant
             ... wielding a +4 spear of venom
              (18 damage)
             ... on level 5 of the Dungeon.
             The game lasted 00:10:45 (3631 turns).

porpoise the Shooter (Human Hunter)                 Turns: 3631, Time: 00:10:45

Health: -7/54      AC:  4    Str: 11    XL:     7   Next: 27%
Magic:  9/9        EV: 12    Int:  9    God:    Fedhas [**....]
Gold:   251        SH:  0    Dex: 19    Spells: 6/6 levels left

rFire   . . .        a - +0 shortbow
rCold   . . .        (shield currently unavailable)
rNeg    . . .        c - +0 leather armour
rPois   .            (no helmet)
rElec   .            (no cloak)
rCorr   .            (no gloves)
SInv    .            d - +0 pair of boots
Will    .....        (no amulet)
Stlth   ++           (no ring)
HPRegen 0.29/turn    (no ring)
MPRegen 0.11/turn

%: no passive effects
@: no status effects
A: no striking features
a: Renounce Religion, Wall of Briars


You were on level 5 of the Dungeon.
You worshipped Fedhas.
Fedhas was pleased with you.
You visited 1 branch of the dungeon, and saw 7 of its levels.

You collected 251 gold pieces.

Inventory:

Hand Weapons
 a - a +0 shortbow (weapon)
 b - the +8 short sword "Feredghyts" {antimagic, Will+}
   (You found it on level 2 of the Dungeon)

   Will:      It increases your willpower.
 n - a +3 short sword of freezing
Missiles
 h - 17 poisoned darts
 y - 6 boomerangs
 A - 2 javelins
Armour
 c - a +0 leather armour (worn)
 d - a +0 pair of boots (worn)
Magical Staves
 j - a staff of poison
Jewellery
 v - a ring of magical power
Wands
 s - a wand of iceblast (9)
 z - a wand of flame (19)
Scrolls
 i - 2 scrolls of magic mapping
 k - a scroll of immolation
 l - a scroll of poison {unknown}
 m - a scroll of vulnerability {unknown}
 o - a scroll of enchant weapon {unknown}
 p - a scroll of noise {unknown}
 r - a scroll of teleportation
 w - 3 scrolls of blinking
Potions
 f - 2 potions of flight
 g - a potion of might {unknown}
 q - a potion of invisibility {unknown}
 t - 2 potions of mutation {unknown}
 u - a potion of resistance {unknown}
 x - 2 potions of lignification {unknown}
 B - a potion of berserk rage {unknown}
 C - a potion of degeneration {unknown}


   Skills:
 + Level 4.1 Fighting
 * Level 6.6 Ranged Weapons
 - Level 2.0 Dodging
 - Level 1.0 Stealth
 + Level 3.1 Invocations


You had 6 spell levels left.
You didn't know any spells.
Your spell library contained the following spells:

 Spells                   Type           Power      Damage    Failure   Level
 Summon Small Mammal      Summ           0%         N/A       47%         1
 Call Canine Familiar     Summ           0%         N/A       85%         3
 Dazzling Flash           Conj/Hex       0%         N/A       85%         3
 Summon Guardian Golem    Hex/Summ       0%         N/A       85%         3
 Volatile Blastmotes      Fire/Tloc      0%         2d10      85%         3
 Iskenderun's Mystic Bla  Conj/Tloc      0%         2d3       99%         4
 Conjure Ball Lightning   Conj/Air       0%         3x3d6     100%        6
 Starburst                Conj/Fire      0%         6d3       100%        6
 Discord                  Hex            0%         N/A       100%        8
 Disjunction              Tloc           0%         N/A       100%        8


Dungeon Overview and Level Annotations

Branches:
Dungeon (7/15)             Temple (0/1) D:4

Altars:
Fedhas

Annotations:
D:4 2 runed translucent doors, 1 exclusion, porpoise's ghost, novice KoHu


Message History

You shoot an arrow. The arrow hits the gnoll sergeant.
The gnoll sergeant is lightly wounded.
You shoot an arrow. The arrow hits the gnoll sergeant.
The gnoll sergeant is moderately wounded.
No target in view!
You shoot an arrow. The arrow hits the gnoll sergeant.
The gnoll sergeant is moderately wounded.
You shoot an arrow.
The arrow barely misses the gnoll sergeant.
The gnoll sergeant hits you from afar with a +4 spear of venom.
You are poisoned.
You shoot an arrow.
The arrow completely misses the gnoll sergeant.
You feel very sick.
The gnoll sergeant hits you from afar with a +4 spear of venom.
You are more poisoned.
You shoot an arrow.
The arrow closely misses the gnoll sergeant.
You feel very sick.
The gnoll sergeant hits you from afar with a +4 spear of venom.
You are more poisoned.
You shoot an arrow. The arrow hits the gnoll sergeant!
The gnoll sergeant is heavily wounded.
You feel extremely sick. The gnoll sergeant barely misses you.
The gnoll sergeant hits you from afar with a +4 spear of venom!
* * * LOW HITPOINT WARNING * * *
You are more poisoned.
You feel better.
The gnoll sergeant hits you from afar with a +4 spear of venom.
* * * LOW HITPOINT WARNING * * *
You are poisoned.
You feel better.
The gnoll sergeant hits you from afar with a +4 spear of venom!
* * * LOW HITPOINT WARNING * * *
You are lethally poisoned!
You feel better.
The gnoll sergeant hits you from afar with a +4 spear of venom!!
You die...
Fedhas appreciates your contribution to the ecosystem.

.... .... .....
..... ......
####g.....
#######....##.#
#.......@.....#
###.###....####
#.# #....#####
#.# #.........
#.###.........
#.............
#####.).......
#....#####
#.[..#


You could see a gnoll sergeant.

Vanquished Creatures
  A water moccasin (D:5)
  A scorpion (D:4)
  2 jellies
  A hound (D:4)
  An iguana (D:5)
  2 gnolls (D:4)
  7 adders
  An ufetubus (D:4)
  2 worms
  3 dart slugs
  2 orcs
  A bat (D:1)
  10 endoplasms
  3 giant cockroaches (D:2)
  7 goblins
  3 hobgoblins
  4 jackals (D:1)
  7 quokkas
  11 ball pythons
  2 frilled lizards (D:2)
  7 kobolds
  3 rats
81 creatures vanquished.

Notes
Turn   | Place    | Note
-------+----------+-------------------------------------------
     0 | D:1      | porpoise the Human Hunter began the quest for the Orb.
     0 | D:1      | Reached XP level 1. HP: 16/16 MP: 1/1
   152 | D:1      | Reached XP level 2. HP: 18/22 MP: 2/2
   338 | D:1      | Reached XP level 3. HP: 28/28 MP: 3/3
   404 | D:1      | Found a faded altar of an unknown god.
   424 | D:1      | Prayed at the altar of an unknown god.
   424 | D:1      | Became a worshipper of Fedhas Madash
   424 | D:1      | Reached * piety under Fedhas
   632 | D:2      | Identified the +8 short sword "Feredghyts" {antimagic,
                  | Will+}
   827 | D:2      | Reached XP level 4. HP: 34/34 MP: 4/4
   988 | D:2      | Reached skill level 1 in Invocations
  1021 | D:2      | Reached skill level 5 in Ranged Weapons
  1571 | D:3      | Reached ** piety under Fedhas
  1739 | D:3      | Reached XP level 5. HP: 41/41 MP: 4/6
  2257 | D:4      | You fall into a shaft and drop 3 floors!
  2282 | D:7      | Reached XP level 6. HP: 33/47 MP: 7/7
  2372 | D:5      | Entered Level 5 of the Dungeon
  2419 | D:4      | Reached skill level 6 in Ranged Weapons
  2446 | D:4      | Found a runed translucent door.
  2460 | D:4      | Found a staircase to the Ecumenical Temple.
  2784 | D:4      | Found a runed translucent door.
  2790 | D:4      | Noticed porpoise's ghost (novice KoHu)
  3311 | D:5      | Noticed a water moccasin
  3328 | D:5      | Killed a water moccasin
  3329 | D:5      | Reached XP level 7. HP: 13/54 MP: 9/9
  3631 | D:5      | Mangled by a gnoll sergeant

Illustrated notes

Levels and vault maps discovered:
D:1:      giann_wishing_wells, layout_basic, dilly_ecumenical_altar_fadedgnrine
D:2:      layout_loops_ring
D:3:      layout_basic, serial_forest, infiniplex_forest_end_2,
          infiniplex_forest_lined_corner, infiniplex_forest_end_double,
          infiniplex_forest_lined_1, infiniplex_forest_end_2,
          infiniplex_forest_clump_small, infiniplex_forest_straight_2,
          infiniplex_forest_straight_4, minmay_misc_feat_plants, st_stairs_2
D:4:      wad_woods_tower, layout_basic, minmay_temple_entry_tees,
          ebering_ghost_reflecting_pool, uniq_crazy_yiuf_cottage
D:5:      layout_basic, minmay_manual_mess
D:6:      minmay_inner_zag, layout_loops_ring, uniq_prince_ribbit1
D:7:      layout_loops_corners, gammafunk_ghost_berserking_beasts,
          glass_columns_a

Skill      XL: |  1  2  3  4  5  6 |
---------------+-------------------+-----
Invocations    | 1 2 3 |  3.1
Ranged Weapons | 5 6 |  6.6
Fighting       | 3 4 |  4.1
Dodging        | |  2.0
Stealth        | |  1.0

Action                     |  1- 3 |  4- 6 |  7- 9 || total
---------------------------+-------+-------+-------++-------
   Fire: Shortbow          |    69 |   183 |    10 ||   262
 Invoke: Wall of Briars    |       |     1 |       ||     1
    Use: Scroll            |       |     3 |     2 ||     5
         Potion            |       |     1 |     3 ||     4
 Armour: Leather armour    |     9 |    23 |       ||    32
  Dodge: Dodged            |    17 |    55 |     2 ||    74
